 Dungeon Crawl Stone Soup version 0.22.0-49-gab54619674 (webtiles) character file.

12784 Americanboy the Severer (level 11, -3/101 HPs)
             Began as a Minotaur Berserker on Sept 6, 2018.
             Was a High Priest of Trog.
             Slain by a spiny frog (5 damage)
             ... on level 2 of the Lair of Beasts.
             The game lasted 00:19:44 (9061 turns).

Americanboy the Severer (Minotaur Berserker)        Turns: 9061, Time: 00:19:46

Health: -3/101     AC: 11    Str: 27    XL:     11   Next: 67%
Magic:  10/10      EV:  2    Int:  6    God:    Trog [*****.]
Gold:   598        SH:  0    Dex: 11    Spells: 10/10 levels left

rFire    + . .     SeeInvis .   E - +2 broad axe (chop)
rCold    . . .     Gourm    .   h - +1 large shield
rNeg     + + +     Faith    .   B - +0 chain mail
rPois    ∞         Spirit   .   (helmet restricted)
rElec    .         Reflect  .   A - +0 cloak (curse)
rCorr    .         Harm     .   (no gloves)
MR       ++...                  (no boots)
Stlth    ..........             (no amulet)
HPRegen  1.26/turn              a - +2 ring of slaying
MPRegen  0.12/turn              s - +3 ring of strength

@: petrified, berserk cooldown, regenerating, slowed
A: retaliatory headbutt, hooves 1, horns 2, clever 1, fire resistance 1
a: Berserk, Trog's Hand, Brothers in Arms, Renounce Religion


You were on level 2 of the Lair of Beasts.
You worshipped Trog.
Trog was extremely pleased with you.
You were not hungry.

You visited 2 branches of the dungeon, and saw 13 of its levels.

You collected 678 gold pieces.
You spent 80 gold pieces at shops.

Inventory:

Hand Weapons
 E - a +2 broad axe of chopping (weapon)
Missiles
 t - a throwing net (quivered)
Armour
 h - a +1 large shield (worn)
 A - a cursed +0 cloak (worn)
 B - a +0 chain mail (worn)
Jewellery
 a - a +2 ring of slaying (left hand)
 r - an uncursed ring of protection from cold
 s - a +3 ring of strength (right hand)
Wands
 b - a wand of digging (8)
 f - a wand of acid (10)
 v - a wand of paralysis (17)
 z - a wand of random effects (19)
 C - a wand of polymorph (16)
Scrolls
 d - 7 scrolls of teleportation
 e - 6 scrolls of remove curse
 n - 3 scrolls of enchant armour
 o - 4 scrolls of magic mapping
 p - 4 scrolls of enchant weapon
 y - 2 scrolls of blinking
Potions
 g - 2 potions of haste
 i - 2 potions of heal wounds
 j - a potion of might
 k - 7 potions of curing
 l - a potion of mutation
 m - a potion of invisibility {unknown}
 q - 4 potions of lignification
 u - 2 potions of agility
 w - 2 potions of brilliance
 x - a potion of berserk rage
 D - a potion of resistance {unknown}
 G - a potion of ambrosia {unknown}
 H - a potion of flight {unknown}
Comestibles
 c - 9 rations


   Skills:
 * Level 10.8 Fighting
 * Level 15.7 Axes
 + Level 6.3 Armour
 + Level 5.3 Dodging
 - Level 0.1 Stealth
 + Level 8.5 Shields


You had 10 spell levels left.
You didn't know any spells.
Your spell library was empty.

Dungeon Overview and Level Annotations

Branches:
Dungeon (11/15)            Temple (0/1) D:4            Lair (2/6) D:11
  Swamp: Lair:2-4    Shoals: Lair:2-4     Snake: Lair:2-4    Spider: Lair:2-4
    Orc: D:9-12

Altars:
Ashenzari
Dithmenos
Elyvilon
Fedhas
Nemelex Xobeh
Uskayaw
Wu Jian
Xom
Zin

Shops:
D:4 *%(*:   D:7 *   D:9 (

Annotations:
D:10 exclusion: obsidian statue


Innate Abilities, Weirdness & Mutations

You reflexively headbutt those who attack you in melee.
You have a pair of horns on your head.
You have large cloven feet.
Your mind is acute. (Int +2)
Your flesh is heat resistant. (rF+)


Message History

The yak gores you!
* * * LOW HITPOINT WARNING * * *
The yak gores you but does no damage.
The spiny frog stings you but does no damage.
The yak gores you but does no damage. x3
The spiny frog stings you!
* * * LOW HITPOINT WARNING * * *
The yak gores you.
* * * LOW HITPOINT WARNING * * *
The porcupine bites the fungus!
The yak gores you!
* * * LOW HITPOINT WARNING * * *
The yak gores you but does no damage. The spiny frog stings you!
* * * LOW HITPOINT WARNING * * *
The porcupine bites the fungus!
The yak gores you.
* * * LOW HITPOINT WARNING * * *
The basilisk bites you. The yak gores you!
* * * LOW HITPOINT WARNING * * *
The spiny frog stings you!
You die...

≈≈≈≈≈≈≈..............P
≈≈≈≈≈♣..............##
≈≈≈≈≈...............#
P≈≈≈...............#
P≈≈......†........#
≈≈#####...........# ♣
##.rr......##
#PYFY....## ###@Y...##
####l....# #.####†###
##.##†.##
######.......#
#.....######..#
#####.# ##.# ### ##


You could see 3 yaks, a spiny frog, a basilisk and 2 porcupines.

Vanquished Creatures
  2 two-headed ogres (D:11)
  The ghost of IceCat the Cleaver, a novice HOFi of the Shining One (D:9)
  Urug (D:11)
  An unseen horror (D:11)
  Pikel (D:6)
  A manticore (D:11)
  A black mamba (Lair:2)
  A gargoyle (D:10)
  A komodo dragon (Lair:2)
  A jumping spider (Lair:2)
  2 hippogriffs
  A spriggan (D:8)
  4 wyverns
  5 yaks
  Grum (D:8)
  A basilisk (Lair:2)
  A hungry ghost (D:7)
  Edmund (D:6)
  4 porcupines
  A water moccasin (Lair:2)
  4 slaves (D:6)
  6 black bears
  A hornet zombie (D:11)
  An orc warrior (D:6)
  3 sky beasts
  A necrophage (D:5)
  A phantom (D:6)
  An ice beast (D:10)
  3 ogres
  2 wolves (D:8)
  4 centaurs
  A crocodile (Lair:2)
  A big kobold (D:7)
  6 bullfrogs
  4 scorpions
  A howler monkey (D:4)
  An electric eel (Lair:2)
  3 crimson imps
  A centaur zombie (D:6)
  A quasit (D:10)
  A bullfrog zombie (D:6)
  A centaur skeleton (D:6)
  2 jellies
  10 orc priests
  6 orc wizards
  4 bullfrog skeletons
  6 hounds
  3 iguanas
  13 worker ants
  A killer bee zombie (D:5)
  A hound skeleton (D:11)
  A howler monkey zombie (D:7)
  4 gnolls
  A howler monkey skeleton (D:11)
  A worker ant zombie (D:10)
  10 adders
  2 oozes
  An adder skeleton (D:5)
  An adder zombie (D:8)
  2 worms (D:2)
  3 dart slugs
  8 leopard geckos
  29 orcs
  3 ball pythons
  4 giant cockroaches
  8 goblins
  4 hobgoblins
  12 jackals
  17 kobolds
  3 quokkas
  10 bats
  8 frilled lizards
  11 rats
  4 fungi (D:11)
273 creatures vanquished.

Vanquished Creatures (collateral kills)
  A two-headed ogre (D:11)
  2 orc warriors (D:11)
  A big kobold (D:11)
  2 orc wizards (D:11)
  An iguana (D:11)
  A worker ant (D:10)
  3 orcs (D:11)
11 creatures vanquished.

Vanquished Creatures (others)
  6 fungi (D:11)
6 creatures vanquished.

Grand Total: 290 creatures vanquished

Notes
Turn   | Place    | Note
-------+----------+-------------------------------------------
     0 | D:1      | Americanboy the Minotaur Berserker began the quest for the
                  | Orb.
     0 | D:1      | Reached XP level 1. HP: 19/19 MP: 0/0
    50 | D:1      | Reached skill level 4 in Axes
    74 | D:1      | Reached XP level 2. HP: 22/27 MP: 1/1
   212 | D:1      | Reached ** piety under Trog
   373 | D:1      | Reached XP level 3. HP: 33/33 MP: 2/2
   967 | D:2      | Reached skill level 1 in Shields
   985 | D:2      | Reached XP level 4. HP: 36/41 MP: 3/3
  1201 | D:2      | Reached *** piety under Trog
  1692 | D:3      | Reached skill level 5 in Axes
  1702 | D:3      | Reached XP level 5. HP: 25/47 MP: 4/4
  1996 | D:3      | Found a white marble altar of Elyvilon.
  2588 | D:3      | Found a sparkling altar of Nemelex Xobeh.
  2622 | D:3      | Found a shadowy altar of Dithmenos.
  2804 | D:4      | Found Fifuuc's Book Shoppe.
  2809 | D:4      | Found Isoudann's General Store.
  2813 | D:4      | Bought a potion of mutation for 80 gold pieces
  2830 | D:4      | Reached skill level 6 in Axes
  2830 | D:4      | Reached XP level 6. HP: 28/55 MP: 5/5
  2878 | D:4      | Reached skill level 5 in Fighting
  2884 | D:4      | Found Ipaogrib's Weapon Shop.
  3096 | D:4      | Found Suroebam's Food Emporium.
  3119 | D:4      | Found Gepeti's Assorted Antiques.
  3336 | D:4      | Found a staircase to the Ecumenical Temple.
  3352 | D:4      | Reached skill level 7 in Axes
  3352 | D:4      | Reached XP level 7. HP: 48/61 MP: 6/6
  3819 | D:4      | Found an ornate altar of the Wu Jian Council.
  3846 | D:5      | Entered Level 5 of the Dungeon
  3898 | D:5      | Reached skill level 8 in Axes
  4018 | D:5      | Reached **** piety under Trog
  4082 | D:5      | Found a shattered altar of Ashenzari.
  4126 | D:5      | Reached XP level 8. HP: 66/70 MP: 7/7
  4251 | D:5      | Found a glowing silver altar of Zin.
  4346 | D:6      | Noticed Pikel
  4365 | D:6      | Killed Pikel
  4365 | D:6      | Reached skill level 10 in Axes
  4373 | D:6      | Found a glowing drain.
  4393 | D:6      | Gained mutation: You have large cloven feet. [potion of
                  | mutation]
  4393 | D:6      | Gained mutation: You have sharp fingernails. [potion of
                  | mutation]
  4394 | D:6      | Lost mutation: You have sharp fingernails. [potion of
                  | mutation]
  4394 | D:6      | Gained mutation: You tend to lose your temper in combat.
                  | [potion of mutation]
  4394 | D:6      | Gained mutation: You have a pair of large horns on your
                  | head. [potion of mutation]
  4394 | D:6      | Gained mutation: You have hoof-like feet. [potion of
                  | mutation]
  4682 | D:6      | Found a blossoming altar of Fedhas.
  4739 | D:6      | Noticed Edmund
  4749 | D:6      | Killed Edmund
  4749 | D:6      | Reached XP level 9. HP: 55/79 MP: 8/8
  4846 | D:6      | Lost mutation: You have a pair of large horns on your head.
                  | [potion of mutation]
  4846 | D:6      | Lost mutation: You tend to lose your temper in combat.
                  | [potion of mutation]
  4846 | D:6      | Lost mutation: You have hoof-like feet. [potion of
                  | mutation]
  4846 | D:6      | Lost mutation: You have large cloven feet. [potion of
                  | mutation]
  4846 | D:6      | Gained mutation: You are dopey. (Int -2) [potion of
                  | mutation]
  4846 | D:6      | Gained mutation: Armour fits poorly on your strangely
                  | shaped body. [potion of mutation]
  4846 | D:6      | Gained mutation: You are somewhat resistant to further
                  | mutation. [potion of mutation]
  4847 | D:6      | Lost mutation: You are dopey. (Int -2) [potion of mutation]
  4847 | D:6      | Lost mutation: Armour fits poorly on your strangely shaped
                  | body. [potion of mutation]
  4847 | D:6      | Lost mutation: You are somewhat resistant to further
                  | mutation. [potion of mutation]
  4847 | D:6      | Gained mutation: Your flesh is heat resistant. (rF+)
                  | [potion of mutation]
  4847 | D:6      | Gained mutation: You have large cloven feet. [potion of
                  | mutation]
  4847 | D:6      | Gained mutation: Your mind is acute. (Int +2) [potion of
                  | mutation]
  4925 | D:6      | Reached skill level 11 in Axes
  4963 | D:6      | Reached skill level 5 in Shields
  5315 | D:7      | Reached skill level 12 in Axes
  5605 | D:7      | Reached ***** piety under Trog
  5618 | D:7      | Found a hide-covered altar of Uskayaw.
  5729 | D:7      | Found Zin's Purification Station.
  5732 | D:7      | Found a glowing silver altar of Zin.
  5928 | D:8      | Noticed Grum
  5945 | D:8      | Killed Grum
  6131 | D:8      | Reached XP level 10. HP: 89/89 MP: 9/9
  6476 | D:9      | Reached skill level 13 in Axes
  6503 | D:9      | Found a runed door.
  6504 | D:9      | Noticed IceCat's ghost (novice HOFi)
  6526 | D:9      | Killed IceCat's ghost
  6677 | D:9      | Found Loteh's Weapon Shop.
  7143 | D:10     | Entered Level 10 of the Dungeon
  7149 | D:10     | Reached skill level 5 in Dodging
  7213 | D:10     | Found a shimmering altar of Xom.
  7395 | D:10     | Noticed an obsidian statue
  7396 | D:10     | Noticed a sun demon
  7396 | D:10     | Noticed a sun demon
  7450 | D:10     | Reached skill level 14 in Axes
  7560 | D:10     | Noticed a gargoyle
  7568 | D:10     | Killed a gargoyle
  7868 | D:11     | Noticed a manticore
  7870 | D:11     | Noticed a two-headed ogre
  7876 | D:11     | Killed a manticore
  7876 | D:11     | Reached skill level 5 in Armour
  7879 | D:11     | Killed a two-headed ogre
  7883 | D:11     | Noticed a two-headed ogre
  7885 | D:11     | Killed a two-headed ogre
  7885 | D:11     | Reached XP level 11. HP: 89/99 MP: 10/10
  7954 | D:11     | Killed an unseen horror
  7975 | D:11     | Reached skill level 10 in Fighting
  7987 | D:11     | Reached skill level 15 in Axes
  7998 | D:11     | Found a staircase to the Lair.
  8015 | D:11     | Noticed Urug
  8027 | D:11     | Killed Urug
  8050 | D:11     | Noticed a two-headed ogre
  8055 | D:11     | Killed a two-headed ogre
  8486 | Lair:1   | Entered Level 1 of the Lair of Beasts
  8993 | Lair:2   | Received a gift from Trog
  9061 | Lair:2   | HP: 2/101 [yak (6)]
  9061 | Lair:2   | Slain by a spiny frog

Skill      XL: |  1  2  3  4  5  6  7  8  9 10 11 |
---------------+----------------------------------+-----
Axes           | 4 5 6 7 8 10 12 14 15 | 15.7
Fighting       | 4 5 7 8 9 10 | 10.8
Shields        | 1 2 3 4 6 7 8 |  8.5
Dodging        | 3 4 5 |  5.3
Armour         | 3 4 5 6 |  6.3
Stealth        | |  0.1

Action                   |  1- 3 |  4- 6 |  7- 9 | 10-12 || total
-------------------------+-------+-------+-------+-------++-------
Melee: Hand axe          |   111 |    63 |       |       ||   174
       Headbutt          |    16 |    18 |    41 |    44 ||   119
       War axe           |       |    48 |   240 |   150 ||   438
       Kick              |       |       |    37 |    72 ||   109
       Broad axe         |       |       |       |    29 ||    29
Invok: Berserk           |       |     3 |     6 |     5 ||    14
       Trog's Hand       |       |     2 |     3 |     5 ||    10
       Brothers in Arms  |       |       |       |     2 ||     2
  Use: Scroll            |       |     9 |     2 |    12 ||    23
       Potion            |       |       |     4 |       ||     4
  Eat: Chunk             |       |     2 |     4 |     2 ||     8
       Ration            |       |     3 |     4 |     5 ||    12
Armor: Animal skin       |    28 |     5 |       |       ||    33
       Leather armour    |       |     6 |    16 |       ||    22
       Chain mail        |       |       |       |    61 ||    61
Dodge: Dodged            |    53 |    27 |    58 |    21 ||   159
Block: Large shield      |    43 |    67 |   187 |   137 ||   434
